 Dungeon Crawl Stone Soup version 0.26-a0-20-g5f92b90fa0 (webtiles) character file.

Game seed: 18011643990468696876, levelgen mode: deterministic

499 Aviak the Changer (level 7, -12/63 HPs)
             Began as a Naga Transmuter on May 25, 2020.
             Mangled by an iguana (13 damage)
             ... on level 4 of the Dungeon.
             The game lasted 00:11:06 (6216 turns).

Aviak the Changer (Naga Transmuter)                 Turns: 6216, Time: 00:11:07

Health: -12/63     AC:  2    Str: 12 (13) XL:     7   Next: 16%
Magic:  8/11       EV: 19    Int: 14      God:
Gold:   156        SH:  0    Dex: 17      Spells: 6/12 levels left

rFire    . . .     SeeInvis +     - Unarmed
rCold    . . .     Gourm    .   (shield currently unavailable)
rNeg     . . .     Faith    .   (armour currently unavailable)
rPois    .         Spirit   .   (helmet currently unavailable)
rElec    .         Reflect  .   (cloak currently unavailable)
rCorr    .         Harm     .   (gloves currently unavailable)
MR       .....                  (no barding)
Stlth    ++........             (no amulet)
HPRegen  0.20/turn              P - ring of poison resistance
MPRegen  0.12/turn              c - ring of flight

@: short of breath, spider-form
A: tiny, see invisible, slow metabolism 1, spit poison 1, AC +2
a: Spit Poison, End Transformation, Evoke Flight


You were on level 4 of the Dungeon.
You were hungry.
You were a venomous arachnid creature.
You visited 1 branch of the dungeon, and saw 4 of its levels.
You also visited: Sewer.

You collected 156 gold pieces.

Inventory:

Missiles
 a - 60 arrows
Armour
 b - a +0 robe
 e - a +0 leather armour (melded)
 f - a -1 cloak (melded)
Jewellery
 c - a ring of flight (right front leg)
 P - a ring of poison resistance (left front leg)
Scrolls
 i - a scroll of identify
 j - a scroll of enchant weapon
 r - 3 scrolls of remove curse
Potions
 g - a potion of flight
 h - a potion of degeneration {!q!q}
Comestibles
 d - 5 rations


   Skills:
 + Level 3.7 Fighting
 + Level 1.7 Dodging
 - Level 3.0 Unarmed Combat
 - Level 3.2 Spellcasting
 + Level 5.1 Transmutations
 - Level 3.0 Poison Magic


You had 6 spell levels left.
You knew the following spells:

 Your Spells              Type           Power        Failure   Level  Hunger
a - Beastly Appendage     Tmut           ###...       10%         1    #......
b - Sticks to Snakes      Tmut           ###.....     12%         2    ##.....
c - Spider Form           Tmut/Pois      ##........   28%         3    ###....

Your spell library contained the following spells:

 Spells                   Type           Power        Failure   Level  Hunger
 Blade Hands              Tmut           ###.......   77%         5    ######.
 Ice Form                 Ice/Tmut       #.......     78%         4    #####..


Dungeon Overview and Level Annotations

Branches:
Dungeon (4/15)              Sewer (visited)
 Temple: D:4-7

Altars:
Dithmenos
Fedhas


Innate Abilities, Weirdness & Mutations

You cannot wear boots.
((Your serpentine skin is tough. (AC +2)))
You have supernaturally acute eyesight. (SInv)
((Armour fits poorly on your strangely shaped body.))
((Your system is resistant to poisons. (rPois)))
((You cover ground very slowly.))
You have a slow metabolism.
You can spit poison.


Message History

The splash of poison misses the iguana.
You feel slightly more hungry.
You feel a little less clever now. The iguana misses you.
Okay, then.
You hit the iguana.
The iguana is poisoned.
The iguana is lightly wounded.
The quokka twitches its whiskers.
The iguana closely misses you.
You hit the iguana.
The iguana is moderately wounded.
The quokka bites you.
* * * LOW HITPOINT WARNING * * *
The iguana bites you!
* * * LOW HITPOINT WARNING * * *
Okay, then.
Okay, then.
You hit the iguana but do no damage.
The iguana looks even sicker.
The iguana is moderately wounded.
The quokka misses you. The iguana bites you!
You die...

###..#...##..#.............#..
#.......#..# ... #..........
###.....#.####.###..........
#.........##...###.........
#.......รท.##..###......##..
##...#.......)..#......####
#####....#.##...###...# #
#..###lo###......#####
#####sr.###..#.))##...
#...#....##)..#...
######...##.......
######....... ##..##.. #####..
##.. #... ##...


You could see an iguana (very poisoned), an orc wizard and a quokka.

Vanquished Creatures
  An ogre (D:4)
  A crocodile (Sewer)
  A howler monkey (D:4)
  A centaur skeleton (D:3)
  3 orc priests
  A worker ant (D:4)
  A river rat (D:3)
  3 adders
  2 worms (D:3)
  4 dart slugs
  2 leopard geckos
  6 orcs
  6 giant cockroaches
  8 goblins
  11 hobgoblins
  8 jackals
  3 quokkas
  2 ball pythons
  6 bats
  5 frilled lizards
  A jackal skeleton (D:4)
  11 kobolds
  A quokka skeleton (D:4)
  8 rats
96 creatures vanquished.

Vanquished Creatures (collateral kills)
  A bullfrog skeleton (D:4)
  2 adders
  An orc (D:2)
  A hobgoblin (D:2)
  3 jackals (D:2)
  A bat (D:2)
9 creatures vanquished.

Vanquished Creatures (others)
  2 orcs (D:4)
2 creatures vanquished.

Grand Total: 107 creatures vanquished

Notes
Turn   | Place    | Note
-------+----------+-------------------------------------------
     0 | D:1      | Aviak the Naga Transmuter began the quest for the Orb.
     0 | D:1      | Reached XP level 1. HP: 18/18 MP: 3/3
   259 | D:1      | Reached XP level 2. HP: 21/25 MP: 3/5
   416 | D:1      | Learned a level 2 spell: Sticks to Snakes
   831 | D:1      | Reached XP level 3. HP: 7/31 MP: 6/6
  1507 | D:2      | Reached skill level 3 in Transmutations
  1663 | D:2      | Learned a level 3 spell: Spider Form
  1917 | D:2      | Reached XP level 4. HP: 16/38 MP: 8/8
  2160 | D:2      | Found a blossoming altar of Fedhas.
  3364 | D:3      | Found a glowing drain.
  3370 | D:3      | Reached skill level 1 in Poison Magic
  3370 | D:3      | Reached XP level 5. HP: 31/44 MP: 5/9
  3407 | Sewer    | Entered a sewer
  3786 | Sewer    | Noticed a crocodile
  3813 | Sewer    | Killed a crocodile
  3813 | Sewer    | Reached skill level 4 in Transmutations
  3813 | Sewer    | Reached XP level 6. HP: 5/55 MP: 1/10
  4219 | D:3      | Found a shadowy altar of Dithmenos.
  5796 | D:4      | Reached skill level 5 in Transmutations
  5796 | D:4      | Reached XP level 7. HP: 4/62 MP: 7/11
  6166 | D:4      | HP: 2/63 [howler monkey (5)]
  6215 | D:4      | HP: 1/63 [iguana (8)]
  6216 | D:4      | Mangled by an iguana

Illustrated notes

Levels and vault maps discovered:
D:1:      dpeg_arrival_solitude, layout_basic
D:2:      layout_basic, fedhas_altar_3, serial_glass, glass_columns_a,
          glass_columns_c
D:3:      layout_basic, serial_curves, eino_curves_04, eino_curves_04,
          cheibrodos_sewer_entry_sluice, grunt_dithmenos_smoke_and_mirrors
D:4:      layout_cave_pools, minmay_fractal_squares_gapless_5

Skill      XL: |  1  2  3  4  5  6 |
---------------+-------------------+-----
Transmutations | 3 4 5 |  5.1
Spellcasting   | 3 |  3.2
Poison Magic   | 1 2 3 |  3.0
Fighting       | 2 3 |  3.7
Dodging        | |  1.7
Unarmed Combat | |  3.0

Action                   |  1- 3 |  4- 6 |  7- 9 || total
-------------------------+-------+-------+-------++-------
Melee: Unarmed           |   114 |   223 |    23 ||   360
       Headbutt          |     9 |    17 |     1 ||    27
       Punch             |     2 |     5 |       ||     7
 Cast: Beastly Appendage |    13 |    19 |     2 ||    34
       Sticks to Snakes  |     4 |    15 |     2 ||    21
       Spider Form       |       |       |     2 ||     2
 Abil: Spit Poison       |     9 |    19 |     4 ||    32
  Use: Potion            |       |     5 |     3 ||     8
       Scroll            |       |     3 |       ||     3
 Stab: Invisible         |       |     1 |       ||     1
  Eat: Chunk             |     3 |    11 |     1 ||    15
Armor: Leather armour    |    37 |    54 |     1 ||    92
Dodge: Dodged            |    68 |   129 |    16 ||   213

Table legend:
 A = Non-vault XP
 B = Vault XP
 C = Vault XP percentage of total XP
 D = Non-vault monster count
 E = Vault monster count
 F = Vault count percentage of total count
                 A         B        C        D         E       F
            +---------+---------+-------+---------+---------+-------
      Total |     532 |     181 |  25.4 |      94 |      12 |  11.3
            +---------+---------+-------+---------+---------+-------
        D:1 |      37 |       0 |   0.0 |      21 |       0 |   0.0
        D:2 |      78 |       0 |   0.0 |      31 |       0 |   0.0
        D:3 |     146 |      21 |  12.6 |      30 |       3 |   9.1
        D:4 |     271 |      68 |  20.1 |      12 |       3 |  20.0
      Sewer |       0 |      92 | 100.0 |       0 |       6 | 100.0
            +---------+---------+-------+---------+---------+-------
